 Dungeon Crawl Stone Soup version 0.14.0-9-g9c5475a (webtiles) character file.

1556 MDvedh the Cleaver (level 8, -1/62 HPs)
             Began as a Minotaur Death Knight on Apr 13, 2014.
             Was a Priest of Yredelemnul.
             Slain by an orc priest
             ... wielding a +2,+2 hand axe of electrocution
              (17 damage)
             ... on Level 6 of the Dungeon.
             The game lasted 00:09:29 (4137 turns).

MDvedh the Cleaver (Minotaur Death Knight)          Turns: 4137, Time: 00:09:30

HP  -1/62        AC 21     Str 20      XL: 8   Next: 36%
MP   6/6         EV  5     Int  8      God: Yredelemnul [***...]
Gold 204         SH  0     Dex  8      Spells:  0 memorised,  7 levels left

rFire  . . .     SeeInvis .     a - +1 hand axe
rCold  . . .     Clarity  .     t - +5 plate armour
rNeg   . . .     Conserve .     (no shield)
rPois  .         rCorr    .     (helmet restricted)
rElec  .         rRot     .     i - +4 cloak of Fortification {Dex-2}
SustAb . .       Spirit   .     (no gloves)
rMut   .         Warding  .     v - +0 pair of boots
Saprov . . .     Stasis   .     (no amulet)
MR     +....                    (no ring)
                                e - ring of protection from magic {unknown}

@: somewhat resistant to hostile enchantments, extremely unstealthy
A: retaliatory headbutt, horns 2
a: Animate Dead, Recall Undead Slaves, Injury Mirror, Renounce Religion


You were on level 6 of the Dungeon.
You worshipped Yredelemnul.
Yredelemnul was most pleased with you.
You were not hungry.

You visited 1 branch of the dungeon, and saw 6 of its levels.

You collected 204 gold pieces.

Inventory:

Hand weapons
 a - a +1,+1 hand axe (weapon)
Armour
 i - the +4 cloak of Fortification (worn) {Dex-2}
   (You found it on level 5 of the Dungeon)

   It affects your dexterity (-2).
 t - a +5 plate armour (worn)
 v - a +0 pair of boots (worn)
Comestibles
 c - a bread ration
 d - a choko
 f - a chunk of quokka flesh
 j - 4 meat rations
 m - a royal jelly
Scrolls
 b - a scroll of fog
 g - 4 scrolls of teleportation
 h - a scroll of amnesia
 o - a scroll of magic mapping
 q - 2 scrolls of remove curse
 y - a scroll of blinking
Jewellery
 e - a ring of protection from magic (left hand) {unknown}
Potions
 k - a potion of invisibility
 l - 3 potions of might
 u - a potion of agility
 w - a potion of haste
 x - a potion of resistance {unknown}


   Skills:
 - Level 2.4 Fighting
 + Level 12.1 Axes
 - Level 1.2 Armour
 - Level 1.1 Dodging
 - Level 2.6 Invocations


You had 7 spell levels left.
You didn't know any spells.

Dungeon Overview and Level Annotations

Branches:
Dungeon (6/15)             Temple (0/1) D:6

Altars:
Ashenzari
Cheibriados
Kikubaaqudgha
Okawaru
Zin

Shops:
D:5 :

Annotations:
D:4 MDvedh's ghost, average FoGl


Innate Abilities, Weirdness & Mutations

You reflexively headbutt those who attack you in melee.
You have a pair of horns on your head.


Message History

The orc priest is heavily wounded.
The orc priest hits your giant frog zombie with a runed hand axe.
There is a sudden explosion of sparks!
The orc priest hits you but does no damage.
You are electrocuted!
Your orc zombie closely misses the orc warrior.
The orc priest hits you but does no damage.
You hit the orc priest.
The orc priest is almost dead.
You closely miss the orc warrior.
The orc warrior is heavily wounded.
You hit the orc priest.
The orc priest is lightly wounded.
Your giant frog zombie barely misses the orc warrior.
The orc warrior hits you with a mace.
* * * LOW HITPOINT WARNING * * *
The orc priest hits you but does no damage.
You are electrocuted!
You die...
Your body rises from the dead as a mindless zombie.

###............
##........>...
##............
#.............
#............
##............
#.............
#($..........
#....#.z@z.......
##.#..ooo.......
###...J.......
#............
#.............
##.##........ .#
........ .#.....
#..


You could see an orc warrior, a jelly, 2 orc priests, a friendly giant frog
zombie and a friendly orc zombie.

Vanquished Creatures
  3 ogres
  A giant frog (D:6)
  A scorpion (D:5)
  A giant frog zombie (D:5)
  A crimson imp (D:5)
  A giant frog skeleton (D:5)
  An orc priest (D:6)
  3 worker ants
  A jelly (D:5)
  An iguana (D:4)
  An orc wizard (D:5)
  A hound zombie (D:5)
  4 adders
  An inept item mimic (D:5)
  A giant eyeball (D:6)
  4 giant geckos
  16 orcs
  14 bats
  2 giant cockroaches
  7 goblins
  9 hobgoblins
  8 jackals
  18 kobolds
  2 giant newts
  A goblin zombie (D:5)
  An orc skeleton (D:4)
  2 quokkas
  7 rats
113 creatures vanquished.

Vanquished Creatures (collateral kills)
  The ghost of zkyp the Archer, an experienced DgHu (D:6)
  2 giant frogs (D:6)
  An orc (D:6)
  A kobold (D:6)
5 creatures vanquished.

Vanquished Creatures (others)
  A hound (D:5)
  A giant frog zombie (D:6)
  An ogre zombie (D:6)
  A mummy (D:6)
  An adder zombie (D:6)
  A giant gecko zombie (D:6)
  A goblin (D:5)
  2 jackal zombies (D:6)
  3 orc zombies (D:6)
12 creatures vanquished.

Grand Total: 130 creatures vanquished

Notes
Turn   | Place    | Note
--------------------------------------------------------------
     0 | D:1      | MDvedh, the Minotaur Death Knight, began the quest for the Orb.
     0 | D:1      | Reached XP level 1. HP: 18/18 MP: 1/1
    89 | D:1      | Reached skill level 3 in Axes
   336 | D:1      | Reached XP level 2. HP: 22/25 MP: 1/1
   659 | D:2      | Found a shattered altar of Ashenzari.
   718 | D:2      | Reached skill level 4 in Axes
   960 | D:2      | Found a snail-covered altar of Cheibriados.
  1024 | D:2      | Reached XP level 3. HP: 30/30 MP: 3/3
  1299 | D:3      | Acquired Yredelemnul's second power
  1756 | D:3      | Reached skill level 5 in Axes
  1769 | D:3      | Reached XP level 4. HP: 19/37 MP: 3/3
  2208 | D:4      | Reached skill level 6 in Axes
  2208 | D:4      | Reached XP level 5. HP: 37/42 MP: 4/4
  2437 | D:4      | Noticed MDvedh's ghost (average FoGl)
  2516 | D:5      | Entered Level 5 of the Dungeon
  2519 | D:5      | Found an iron altar of Okawaru.
  2544 | D:5      | Reached skill level 7 in Axes
  2617 | D:5      | Found an ancient bone altar of Kikubaaqudgha.
  2634 | D:5      | Found Hofemume's Book Shoppe.
  2642 | D:5      | Noticed an ogre
  2655 | D:5      | Killed an ogre
  2655 | D:5      | Reached XP level 6. HP: 22/50 MP: 5/5
  2663 | D:5      | Reached skill level 8 in Axes
  3100 | D:5      | Found a glowing silver altar of Zin.
  3111 | D:5      | Noticed an ogre
  3117 | D:5      | Killed an ogre
  3117 | D:5      | Acquired Yredelemnul's third power
  3117 | D:5      | Reached skill level 9 in Axes
  3117 | D:5      | Reached XP level 7. HP: 56/56 MP: 5/5
  3147 | D:5      | Received a gift from Yredelemnul
  3207 | D:5      | Got an ancient cloak
  3210 | D:5      | Identified the +4 cloak of Fortification {Dex-2} (You found it on level 5 of the Dungeon)
  3597 | D:6      | Reached skill level 10 in Axes
  3707 | D:6      | Noticed zkyp's ghost (experienced DgHu)
  3753 | D:6      | Killed zkyp's ghost
  3753 | D:6      | Reached skill level 12 in Axes
  3753 | D:6      | Reached XP level 8. HP: 22/62 MP: 2/6
  3991 | D:6      | Paralysed by a giant eyeball for 2 turns
  4046 | D:6      | Found a staircase to the Ecumenical Temple.
  4137 | D:6      | Slain by an orc priest

Action                   |  1- 3 |  4- 6 |  7- 9 || total
-------------------------+-------+-------+-------++-------
Melee: Hand axe          |    87 |   129 |    97 ||   313
       Unarmed           |       |       |     2 ||     2
Invok: Animate Dead      |       |       |     6 ||     6
  Use: Scroll            |     4 |     9 |       ||    13
       Potion            |       |       |     3 ||     3
 Stab: Distracted        |       |       |     1 ||     1
